Map: [ESL] Alcyone

Players

ByuN

  • Race: Terran Terran
  • Spawn Location: 7:00

Stats - Winner!

  • Race: Protoss Protoss
  • Spawn Location: 1:00

Event: ESL Spring 2024 Finals

VOD

Have the link to the VOD?

Description

Time

  • Played on: June 1, 2024, 1:28 p.m.
  • Length: 9:15

All games in this series

Show
View Real Time Build Order
Export as new Build Order

ByuN Terran 

Build Orders: 1/1/1, Liberator Opening 

Get SALT Encoding   

  12  0:00  SCV  
  13  0:12  SCV  
  14  0:17  Supply Depot  
  14  0:24  SCV  
  15  0:38  SCV  
  15  0:40  Barracks  
  15  0:42  Refinery  
  16  0:50  SCV  
  16  0:52  Refinery  
  17  1:02  SCV  
  18  1:14  SCV  
  19  1:26  Barracks Reactor  
  19  1:27  Orbital Command  
  19  1:29  Supply Depot  
  19  1:40  Factory  
  19  1:53  SCV  
  20  2:05  SCV  
  22  2:12  Command Center  
  21  2:17  SCV  
  22  2:25  Starport  
  22  2:29  SCV  
  23  2:36  Widow Mine x2  
  27  2:41  Supply Depot  
  27  2:43  SCV  
  28  2:55  SCV  
  28  2:57  Widow Mine  
  31  3:03  Widow Mine  
  33  3:06  Medivac  
  33  3:08  Barracks Tech Lab  
  33  3:11  SCV  
  36  3:23  SCV  
  37  3:29  Orbital Command  
  37  3:34  Marine x2  
  37  3:35  Siege Tank, SCV  
  43  3:41  Liberator  
  43  3:48  SCV  
  47  3:50  Supply Depot  
  47  3:52  Marine  
  47  3:53  Marine  
  49  3:56  SCV  
  49  4:00  SCV  
  51  4:10  Marine  
  51  4:11  SCV, Marine  
  51  4:12  SCV, Barracks  
  55  4:23  SCV  
  54  4:24  SCV  
  54  4:27  Siege Tank, Marine  
  54  4:28  Marine  
  54  4:34  Supply Depot  
  54  4:35  SCV  
  54  4:36  SCV  
  56  4:43  Liberator  
  57  4:45  Marine  
  57  4:46  Marine  
  57  4:47  SCV  
  57  4:48  SCV  
  57  4:49  Refinery  
  57  4:51  Engineering Bay  
  61  4:59  SCV  
  62  5:00  SCV  
  62  5:01  Barracks  
  62  5:03  Marine  
  62  5:04  Marine  
  65  5:10  Factory Reactor  
  65  5:12  SCV x2, Barracks  
  65  5:14  Barracks  
  67  5:16  Marine  
  67  5:17  Stimpack  
  67  5:21  Marine  
  68  5:22  Marine  
  68  5:24  Terran Infantry Weapons Level 1  
  68  5:26  Starport Reactor  
  70  5:30  Supply Depot  
  70  5:36  Supply Depot  
  70  5:51  Marine x2  
  70  5:52  SCV x2, Marauder  
  70  5:54  Marine x2, Refinery  
  70  5:56  Factory Tech Lab  
  78  5:59  Supply Depot, Barracks Tech Lab  
  78  6:00  Barracks Reactor  
  78  6:01  Supply Depot  
  78  6:03  Supply Depot  
  78  6:04  SCV x2  
  78  6:09  Medivac x2  
  84  6:13  Marine  
  84  6:14  Marine  
  84  6:17  Combat Shield  
  86  6:20  SCV, Marine x2  
  86  6:24  Marauder  
  86  6:25  Marauder  
  93  6:29  Supply Depot  
  92  6:40  Marine x5  
  92  6:41  Marine  
  92  6:46  Marauder  
  99  6:48  Siege Tank, Marauder  
  99  6:54  Supply Depot  
  104  7:00  Marine x2  
  106  7:02  Marine x3  
  106  7:03  Marine  
  106  7:04  Medivac  
  106  7:06  Medivac  
  114  7:17  Marauder x2  
  114  7:20  Terran Infantry Armor Level 1  
  118  7:27  Supply Depot  
  118  7:29  Marine x4  
  121  7:30  Marine x2  
  124  7:38  Siege Tank, Marine  
  124  7:42  Concussive Shells  
  128  7:48  Marauder  
  128  7:50  Marine x3  
  128  7:51  Marine x3  
  135  7:54  Medivac x2  
  135  7:56  Marine  
  140  8:17  Marauder  
  142  8:30  Supply Depot, Marine x2  
  142  8:31  Supply Depot x2, Marine  
  142  8:45  Marine  
  142  8:46  Marine  
  142  8:47  Marine  
  142  8:48  Marauder  
  142  8:50  Marauder  
Show
View Real Time Build Order
Export as new Build Order

Stats Protoss - Winner!

Build Orders: 1 Gate Expand, Blink Stalkers, Colossus Rush 

Get SALT Encoding   

  12  0:00  Probe  
  13  0:12  Probe  
  14  0:17  Pylon  
  14  0:24  Probe (Chrono Boost)  
  15  0:36  Gateway, Probe (Chrono Boost)  
  16  0:44  Probe (Chrono Boost)  
  16  0:46  Assimilator  
  17  0:50  Probe  
  18  1:03  Probe  
  19  1:15  Probe  
  20  1:24  Cybernetics Core  
  20  1:32  Nexus  
  20  1:34  Probe  
  21  1:42  Pylon  
  21  1:46  Assimilator  
  21  1:48  Probe  
  22  1:58  Adept (Chrono Boost)  
  22  2:00  Probe (Chrono Boost)  
  22  2:01  Warp Gate  
  25  2:12  Probe (Chrono Boost)  
  26  2:18  Probe (Chrono Boost)  
  26  2:20  Stalker  
  29  2:28  Probe  
  30  2:31  Twilight Council  
  30  2:36  Shield Battery  
  31  2:44  Probe x2 (Chrono Boost)  
  31  2:50  Stalker  
  34  2:54  Probe (Chrono Boost)  
  34  2:56  Probe (Chrono Boost)  
  36  2:59  Probe (Chrono Boost)  
  36  3:04  Blink (Chrono Boost)  
  36  3:05  Gateway  
  37  3:12  Probe  
  38  3:14  Probe  
  37  3:24  Probe  
  37  3:26  Probe  
  39  3:28  Pylon  
  39  3:29  Robotics Facility  
  39  3:36  Probe  
  39  3:38  Probe  
  39  3:39  Pylon  
  41  3:49  Stalker  
  41  3:51  Probe x2  
  45  4:00  Stalker  
  47  4:05  Probe x2  
  49  4:16  Observer  
  48  4:25  Probe  
  48  4:26  Probe  
  50  4:31  Nexus  
  50  4:35  Assimilator, Observer  
  50  4:37  Assimilator, Pylon  
  50  4:38  Probe x2  
  53  4:44  Robotics Bay, Pylon  
  53  4:50  Probe x2  
  55  4:58  Pylon  
  55  4:59  Stalker  
  57  5:00  Stalker  
  57  5:02  Probe x2  
  61  5:09  Forge  
  61  5:14  Probe x2  
  63  5:23  Gateway  
  63  5:24  Gateway  
  63  5:27  Probe x2 (Chrono Boost)  
  65  5:33  Colossus (Chrono Boost)  
  71  5:39  Probe x2 (Chrono Boost)  
  73  5:43  Protoss Ground Weapons Level 1 (Chrono Boost)  
  73  5:45  Probe (Chrono Boost)  
  73  5:47  Extended Thermal Lance, Probe x2 (Chrono Boost)  
  76  5:52  Probe (Chrono Boost)  
  76  5:53  Sentry  
  76  5:55  Shield Battery  
  79  5:57  Probe (Chrono Boost)  
  79  5:58  Probe x2  
  82  6:05  Gateway  
  82  6:06  Gateway  
  82  6:09  Pylon  
  82  6:11  Probe  
  82  6:15  Stalker  
  82  6:17  Stalker  
  87  6:21  Colossus (Chrono Boost)  
  93  6:36  Nexus  
  93  6:39  Pylon  
  92  6:44  Pylon x2  
  92  6:46  Charge (Chrono Boost)  
  92  6:55  Gateway x2  
  92  7:00  Shield Battery  
  92  7:02  Shield Battery  
  92  7:04  Observer  
  93  7:11  Stalker x4  
  93  7:12  Stalker, Zealot  
  105  7:19  Probe x3  
  108  7:25  Pylon  
  108  7:26  Pylon  
  108  7:27  Pylon  
  108  7:29  Observer  
  108  7:32  Robotics Facility  
  108  7:34  Probe x3  
  112  7:40  Forge, Pylon  
  111  7:48  Zealot x3  
  111  7:49  Zealot x2  
  121  7:52  Zealot x3  
  127  7:59  Observer  
  127  8:00  Probe x3  
  127  8:01  Probe  
  131  8:12  Zealot x3  
  137  8:13  Zealot x4  
  137  8:14  Zealot  
  143  8:33  Assimilator  
  143  8:34  Assimilator  
  142  8:35  Zealot x8  
  158  8:43  Pylon  
  158  8:45  Pylon x2  
  151  8:48  Pylon  
  121  9:00  Zealot x8  
Tags
 
Add a new tag
Caveats
  • Supply blocks, unpowered buildings, or Contaminate may cause inaccurate times.
  • Supply counts are checked every 10 seconds.